 Dungeon Crawl Stone Soup version 0.27.1-1-g398f81649c (webtiles) character file.

Game seed: 15773798994373340972

200 mainiacjoe the Caller (level 5, 0/38 HPs)
             Began as a Draconian Summoner on Sept 10, 2021.
             Slain by an ufetubus (4 damage)
             ... on level 4 of the Dungeon.
             The game lasted 00:09:12 (3762 turns).

mainiacjoe the Caller (Draconian Summoner)          Turns: 3762, Time: 00:09:13

Health: 0/38       AC:  5    Str: 11    XL:     5   Next: 49%
Magic:  6/9        EV: 12    Int: 16    God:
Gold:   26         SH:  0    Dex: 11    Spells: 0/10 levels left

rFire    . . .     SeeInvis .   a - +0 war axe
rCold    . . .     Faith    .   (no shield)
rNeg     . . .     Spirit   .   (armour unavailable)
rPois    .         Reflect  .   (helmet restricted)
rElec    .         Harm     .   (no cloak)
rCorr    .         Rampage  .   (no gloves)
Will     .....                  (no boots)
Stlth    ++........             (no amulet)
HPRegen  0.12/turn              (no ring)
MPRegen  0.11/turn              (no ring)

@: no status effects
A: AC +5, unfitting armour, cold-blooded
a: no special abilities


You were on level 4 of the Dungeon.
You visited 1 branch of the dungeon, and saw 4 of its levels.

You collected 96 gold pieces.
You spent 70 gold pieces at shops.

Inventory:

Hand Weapons
 a - a +0 war axe (weapon)
 b - a +0 hunting sling
 h - a +0 dagger
Missiles
 c - 19 arrows
 f - 94 stones (quivered)
 p - 21 sling bullets
 q - 5 boomerangs of dispersal {=F}
 s - a curare-tipped dart {=F}
Scrolls
 i - a scroll of torment {unknown}
 j - a scroll of magic mapping {unknown}
 k - a scroll of holy word {unknown}
 m - a scroll of vulnerability
 u - a scroll of fear {unknown}
Potions
 d - a potion of resistance
 e - 3 potions of haste
 g - a potion of curing
 l - a potion of might
 n - a potion of brilliance {unknown}
 o - a potion of degeneration {unknown}
 r - a potion of cancellation {unknown}


   Skills:
 - Level 1.7 Dodging
 - Level 1.7 Stealth
 - Level 3.0 Spellcasting
 * Level 5.6 Summonings
 + Level 2.5 Air Magic


You couldn't memorise any spells.
You knew the following spells:

 Your Spells              Type           Power      Damage    Failure   Level
a - Summon Small Mammal   Summ           80%        N/A       1%          1
b - Call Imp              Summ           20%        N/A       2%          2
c - Call Canine Familiar  Summ           20%        N/A       5%          3
d - Summon Lightning Spi  Summ/Air       15%        N/A       34%         4

Your spell library contained the following spells:

 Spells                   Type           Power      Damage    Failure   Level
 Shock                    Conj/Air       24%        1d4       11%         1
 Summon Guardian Golem    Hex/Summ       11%        N/A       17%         3
 Swiftness                Air            10%        N/A       21%         3
 Slow                     Hex            2%         N/A       28%         2
 Confusing Touch          Hex            2%         N/A       50%         3
 Vampiric Draining        Necr           1%         2d6       50%         3
 Airstrike                Air            5%         N/A       54%         4
 Animate Dead             Necr           1%         N/A       88%         4
 Haunt                    Necr/Summ      5%         N/A       100%        7
 Infestation              Necr           1%         N/A       100%        8


Dungeon Overview and Level Annotations

Branches:
Dungeon (4/15)
 Temple: D:4-7

Altars:
Zin

Shops:
D:3 ?


Innate Abilities, Weirdness & Mutations

Your plain brown scales are hard. (AC +5)
You cannot fit into any form of body armour.
You are cold-blooded and may be slowed by cold attacks.


Message History

Your hound barely misses the ufetubus.
The ufetubus barely misses your hound. x2
The water moccasin skeleton bites you!
* * * LOW HITPOINT WARNING * * *
Your hound bites the ufetubus.
The adder zombie barely misses your hound.
The ufetubus hits your hound. The ufetubus closely misses your hound.
Your hound bites the ufetubus but does no damage.
The water moccasin skeleton closely misses you.
The adder zombie closely misses your hound.
The ufetubus hits your hound. The ufetubus barely misses your hound.
Your hound closely misses the ufetubus.
The adder zombie bites your hound. The ufetubus closely misses your hound.
The ufetubus completely misses your hound.
Your hound bites the adder zombie.
The ufetubus hits your hound. The ufetubus barely misses your hound.
The adder zombie closely misses your hound.
Your hound bites the adder zombie.
The ufetubus barely misses your hound.
The ufetubus hits your hound but does no damage.
Your hound bites the adder zombie.
The adder zombie bites your hound.
Your hound dies!
Your hound's corpse disappears in a puff of smoke!
There is an open door here.
The water moccasin skeleton closely misses you.
The water moccasin skeleton bites you.
* * * LOW HITPOINT WARNING * * *
The ufetubus barely misses you.
The ufetubus hits you but does no damage.
Found a coral ring.
An endoplasm comes into view.
The endoplasm quivers.
The ufetubus closely misses you. The ufetubus barely misses you.
The ufetubus closely misses you. The ufetubus barely misses you.
The ufetubus hits you.
* * * LOW HITPOINT WARNING * * *
The ufetubus misses you.
Casting: Call Canine Familiar (dangerous; 5% risk of failure)
Confirm with . or Enter, or press ? or * to list all spells.
The ufetubus hits you.
You die...

.# #.........#.....# ##
#.........#.....#
###.########..###..######.##
...........................=
###+#########.##.......P#..#
#......# #.##.......P...#
##......#####..#....P......
........##......h.......# #
#.......##.##...@5ZJ....#..#
#........#.##...##..Z......#
#........#.......####.#.....
#.#+#+##.#.....).# #.# ...
#.#.#.##.#.......## #Z# .
#.#....#.#.#####..#
#.####+##### #.#......#.
##5###Z...#.....# #.#.#....#
#†.##....#.....# #.#.#....#
#######.##....#.....#


You could see an ufetubus (ally target), an adder zombie, an endoplasm, a water
moccasin skeleton and a friendly hound (summoned).

Vanquished Creatures
  2 adders
  An ufetubus (D:3)
  2 adder skeletons (D:4)
  3 dart slugs
  3 orcs (D:3)
  5 ball pythons
  3 endoplasms
  A giant cockroach (D:3)
  2 hobgoblins (D:2)
  3 quokkas
  6 bats
  2 frilled lizards (D:1)
  3 goblins
  2 kobolds
  A rat (D:1)
39 creatures vanquished.

Vanquished Creatures (collateral kills)
  A kobold brigand (D:4)
  A water moccasin skeleton (D:4)
  A hound (D:4)
  5 adders
  An ufetubus (D:4)
  An adder zombie (D:4)
  A worm (D:4)
  2 orcs (D:3)
  2 ball pythons
  An endoplasm (D:1)
  A hobgoblin (D:3)
  A quokka (D:2)
  A kobold (D:1)
  2 rats
21 creatures vanquished.

Vanquished Creatures (others)
  A withered plant (D:4)
1 creature vanquished.

Grand Total: 61 creatures vanquished

Notes
Turn   | Place    | Note
-------+----------+-------------------------------------------
     0 | D:1      | mainiacjoe the Draconian Summoner began the quest for the
                  | Orb.
     0 | D:1      | Reached XP level 1. HP: 14/14 MP: 3/3
   285 | D:1      | Found a faded altar of an unknown god.
   293 | D:1      | Reached XP level 2. HP: 13/20 MP: 5/5
   296 | D:1      | Learned a level 2 spell: Call Imp
  1229 | D:2      | Reached skill level 1 in Air Magic
  1563 | D:2      | Reached XP level 3. HP: 21/26 MP: 6/6
  1567 | D:2      | Learned a level 3 spell: Call Canine Familiar
  2325 | D:3      | Found a glowing silver altar of Zin.
  2611 | D:3      | Reached XP level 4. HP: 33/33 MP: 4/7
  2763 | D:3      | Found Etatug's Magic Scroll Emporium.
  2777 | D:3      | Bought a scroll of identify for 28 gold pieces
  2777 | D:3      | Bought a scroll of identify for 28 gold pieces
  2777 | D:3      | Bought a scroll of noise for 14 gold pieces
  2847 | D:3      | Reached skill level 5 in Summonings
  3259 | D:4      | Reached XP level 5. HP: 22/38 MP: 3/9
  3596 | D:4      | Learned a level 4 spell: Summon Lightning Spire
  3762 | D:4      | Slain by an ufetubus

Illustrated notes

Levels and vault maps discovered:
D:1:      ncdulo_halloftheorcs, layout_loops_ring, basic_ecumenical_altar,
          grunt_decor_clamped
D:2:      layout_loops_ring, kennysheep_generic_room_4
D:3:      layout_loops_ring, zin_academy, serial_shops, nicolae_lakefront_shop
D:4:      kennysheep_goblin_castle, layout_basic, serial_undead,
          serial_undead_b, serial_undead_d, serial_undead_e, serial_undead_e,
          kennysheep_another_room

Skill      XL: |  1  2  3  4  5 |
---------------+----------------+-----
Air Magic      | 1 2 |  2.5
Summonings     | 5 |  5.6
Spellcasting   | 3 |  3.0
Dodging        | |  1.7
Stealth        | |  1.7

Action                   |  1- 3 |  4- 6 || total
-------------------------+-------+-------++-------
Melee: Dagger            |    17 |       ||    17
       War axe           |    46 |    41 ||    87
       Tailslap          |     6 |     4 ||    10
 Fire: Hunting sling     |    49 |       ||    49
Throw: Stone             |    40 |    17 ||    57
 Cast: Summon Small Mamm |     7 |       ||     7
       Call Imp          |    11 |     6 ||    17
       Call Canine Famil |     2 |     8 ||    10
  Use: Scroll            |     1 |     4 ||     5
 Stab: Sleeping          |     3 |       ||     3
       Distracted        |     1 |       ||     1
Armor: Skin              |    48 |    18 ||    66
Dodge: Dodged            |    78 |    42 ||   120
